 Dungeon Crawl Stone Soup version 0.21-a0-278-ga722497 (webtiles) character file.

273 vishdafish the Shield-Bearer (level 6, 0/39 HPs)
             Began as a Gargoyle Fighter on Sept 21, 2017.
             Killed by nerve-wracking pain
             ... invoked by an orc priest
              (5 damage)
             ... on level 3 of the Dungeon.
             The game lasted 00:04:30 (2551 turns).

vishdafish the Shield-Bearer (Gargoyle Fighter)     Turns: 2551, Time: 00:04:31

Health: 0/39       AC: 12    Str: 19    XL:     6   Next: 23%
Magic:  6/6        EV:  7    Int:  9    God:
Gold:   84         SH:  9    Dex: 11    Spells: 5/5 levels left

rFire    . . .     SeeInvis .   a - +0 flail
rCold    . . .     Gourm    .   c - +0 shield
rNeg     + . .     Faith    .   b - +0 scale mail
rPois    ∞         Spirit   .   (no helmet)
rElec    +         Reflect  .   (no cloak)
rCorr    .         Harm     .   s - +0 pair of gloves
MR       .....                  (no boots)
Stlth    ..........             (no amulet)
HPRegen  0.13/turn              (no ring)
MPRegen  0.10/turn              (no ring)

@: no status effects
A: negative energy resistance 1, electricity resistance, unbreathing,
petrification resistance, rot immunity, AC +4
a: no special abilities


You were on level 3 of the Dungeon.
You were not hungry.

You visited 1 branch of the dungeon, and saw 3 of its levels.

You collected 84 gold pieces.

Inventory:

Hand Weapons
 a - a +0 flail (weapon)
Armour
 b - a +0 scale mail (worn)
 c - a +0 shield (worn)
 s - a +0 pair of gloves (worn)
Scrolls
 e - 2 scrolls of enchant armour {unknown}
 h - 4 scrolls of remove curse {unknown}
 i - a scroll of immolation {unknown}
 j - 2 scrolls of blinking {unknown}
 n - 2 scrolls of identify {unknown}
 r - 3 scrolls of enchant weapon {unknown}
Potions
 f - a potion of heal wounds {unknown}
 g - 4 potions of curing {unknown}
 l - a potion of degeneration {unknown}
 o - a potion of lignification {unknown}
 p - a potion of cancellation {unknown}
 q - a potion of haste {unknown}
 t - 2 potions of flight {unknown}
Comestibles
 k - 3 meat rations
 m - 2 bread rations


   Skills:
 + Level 4.3 Fighting
 * Level 4.0 Maces & Flails
 + Level 4.4 Armour
 - Level 0.1 Dodging
 + Level 4.6 Shields


You had 5 spell levels left.
You didn't know any spells.

Dungeon Overview and Level Annotations

Branches:
Dungeon (3/15)

Altars:


Innate Abilities, Weirdness & Mutations

You are resistant to torment.
Your stone body is resilient. (AC +4)
You are immune to poison.
You resist negative energy. (rN+)
You are resistant to electric shocks. (rElec)
You can survive without breathing.
You are immune to petrification.
You are immune to rotting.


Message History

a flail x2; a gnoll corpse x2
You start resting.
You feel a little less mighty now.
You start resting.
Eating a chunk of flesh.
You eat the chunk of flesh.
This raw flesh tastes terrible.
An orc priest comes into view. It is wielding a hand axe.
An orc priest is nearby!
The orc priest shouts!
You block the orc priest's attack.
You hit the orc priest.
The orc priest is lightly wounded.
The orc priest invokes the aid of Beogh against you.
Beogh smites you!
* * * LOW HITPOINT WARNING * * *
You hit the orc priest.
The orc priest is moderately wounded.
The orc priest calls down the wrath of Beogh upon you.
Pain shoots through your body!
You die...

.#####.####..############
..........................
#.########.#..########.###
..##...........#.#
#.##.#..######.#.#
####.##.#.......#.#.#
#....##.#..####.#.#.#
#....##o#.## #.#.#.#
#...))@.#.# #.#.#.###
#....####.# #.#.#.#..
#.....# #.# #.#.#.#..
#.....# #.#####.#......
#.)...# #.......#....).
###...######....†###......
#. ......
.................. #.
.#...# ###.....#######..
####.#+#...# #.....# ###


You could see an orc priest.

Vanquished Creatures
  A crimson imp (D:2)
  An orc priest (D:3)
  An orc wizard (D:3)
  4 gnolls (D:3)
  6 adders (D:2)
  3 worms
  4 dart slugs
  6 orcs (D:3)
  5 giant cockroaches
  8 goblins
  10 hobgoblins
  3 jackals (D:1)
  6 kobolds
  A quokka (D:3)
  A ball python (D:2)
  4 bats
  3 frilled lizards
  10 rats
77 creatures vanquished.

Vanquished Creatures (others)
  3 ghouls (D:1)
  A minotaur (D:1)
  An octopode (D:1)
  A gargoyle (D:1)
  A formicid (D:1)
  A dwarf (D:1)
  2 ogres (D:1)
  An orc (D:1)
  4 kobolds (D:1)
  4 tentacles (D:1)
19 creatures vanquished.

Grand Total: 96 creatures vanquished

Notes
Turn   | Place    | Note
-------+----------+-------------------------------------------
     0 | D:1      | vishdafish the Gargoyle Fighter began the quest for the Orb.
     0 | D:1      | Reached XP level 1. HP: 14/14 MP: 1/1
     2 | D:1      | Noticed a minotaur
     2 | D:1      | Noticed a ghoul
     2 | D:1      | Noticed an ogre
     2 | D:1      | Noticed an ogre
     2 | D:1      | Noticed a dwarf
     2 | D:1      | Noticed a formicid
     2 | D:1      | Noticed a kraken
     2 | D:1      | Noticed a gargoyle
     2 | D:1      | Noticed a ghoul
     2 | D:1      | Noticed an octopode
     2 | D:1      | Noticed a ghoul
     2 | D:1      | Killed an ogre
     4 | D:1      | Killed a dwarf
     5 | D:1      | Killed a gargoyle
     7 | D:1      | Killed an octopode
     7 | D:1      | Killed a formicid
    11 | D:1      | Killed a ghoul
    12 | D:1      | Killed a minotaur
    13 | D:1      | Killed an ogre
    14 | D:1      | Killed a ghoul
    17 | D:1      | Killed a ghoul
   165 | D:1      | Reached XP level 2. HP: 19/19 MP: 2/2
   251 | D:1      | Reached XP level 3. HP: 2/23 MP: 3/3
  1244 | D:2      | Reached XP level 4. HP: 28/29 MP: 4/4
  1580 | D:2      | Reached XP level 5. HP: 32/33 MP: 5/5
  2252 | D:3      | Reached XP level 6. HP: 34/38 MP: 6/6
  2551 | D:3      | Killed from afar by an orc priest

Vault maps used:
D:1:      nicolae_arrival_kraken_aquarium_b
D:2:      first_bread, minmay_misc_feat_pillars

Skill      XL: |  1  2  3  4  5  6 |
---------------+-------------------+-----
Shields        | 4 |  4.6
Maces & Flails | 3 4 |  4.0
Armour         | 4 |  4.4
Fighting       | 4 |  4.3
Dodging        | |  0.1

Action                   |  1- 3 |  4- 6 || total
-------------------------+-------+-------++-------
Melee: Flail             |   124 |   182 ||   306
  Use: Potion            |       |     1 ||     1
  Eat: Bread ration      |     1 |       ||     1
       Chunk             |       |     2 ||     2
Armor: Scale mail        |    75 |    96 ||   171
Dodge: Dodged            |    36 |    56 ||    92
Block: Shield            |    83 |   114 ||   197

Table legend:
 A = Spawn XP
 B = Non-spawn XP
 C = Spawn XP percentage of total XP
 D = Spawn monster count
 E = Non-spawn monster count
 F = Spawn count percentage of total count
 G = Total turns spent on level
                    A         B        C        D         E        F      G
               +---------+---------+-------+---------+---------+-------+---------
         Total |       0 |     390 |   0.0 |       0 |      77 |   0.0 |  2551
               +---------+---------+-------+---------+---------+-------+---------
           D:1 |       0 |      46 |   0.0 |       0 |      23 |   0.0 |   834
           D:2 |       0 |     158 |   0.0 |       0 |      24 |   0.0 |   936
           D:3 |       0 |     186 |   0.0 |       0 |      30 |   0.0 |   781
               +---------+---------+-------+---------+---------+-------+---------
